 Dungeon Crawl Stone Soup version 0.18.1-48-g4cf74bf (webtiles) character file.

798 Antonin the Changer (level 7, 0/43 HPs)
             Began as an Octopode Transmuter on Sept 10, 2016.
             Was an Initiate of Cheibriados.
             Shot with an arrow by a centaur (6 damage)
             ... on level 5 of the Dungeon.
             The game lasted 00:38:05 (5300 turns).

Antonin the Changer (Octopode Transmuter)           Turns: 5300, Time: 00:38:07

Health: 0/43       AC:  1    Str: 14    XL:     7   Next: 89%
Magic:  8/13       EV: 14    Int: 18    God:    Cheibriados [......]
Gold:   132        SH:  0    Dex: 13    Spells: 3 memorised, 8 levels left

rFire  . . .     SeeInvis .       - Unarmed
rCold  . . .     Gourm    +     (no shield)
rNeg   . . .     Faith    .     (helmet restricted)
rPois  .         Spirit   .     f - amulet of the gourmand
rElec  .         Dismiss  .     e - +3 ring of strength
rCorr  .         Reflect  .     h - ring of stealth
SustAt .         Harm     .     (no ring)
MR     .....                    (no ring)
Stlth  +++.......               (no ring)
                                (no ring)
                                (no ring)
                                (no ring)

@: very slightly contaminated, very slow, not resistant to hostile enchantments,
fairly stealthy
A: almost no armour, amphibious, 8 rings, constrict 8, camouflage 1, gelatinous
body 1
a: Bend Time, Renounce Religion


You were on level 5 of the Dungeon.
You worshipped Cheibriados.
Cheibriados was noncommittal.
You were not hungry.

You visited 2 branches of the dungeon, and saw 6 of its levels.

You collected 132 gold pieces.

Inventory:

Missiles
 a - 69 arrows
Jewellery
 e - a +3 ring of strength (left tentacle)
 f - an amulet of the gourmand (around mantle)
 h - a ring of stealth (right tentacle)
Scrolls
 g - 3 scrolls of teleportation
 i - 2 scrolls of blinking
 k - a scroll of enchant weapon {unknown}
 l - a scroll of fog {unknown}
 m - a scroll of immolation {unknown}
 n - a scroll of noise {unknown}
 p - a scroll of remove curse {unknown}
 r - a scroll of amnesia {unknown}
 t - a scroll of magic mapping {unknown}
 z - a scroll of fear {unknown}
Potions
 j - a potion of lignification
 o - 4 potions of degeneration {unknown}
 q - a potion of magic {unknown}
 s - 2 potions of flight {unknown}
 u - a potion of curing {unknown}
 v - a potion of brilliance {unknown}
 w - a potion of berserk rage {unknown}
 x - a potion of cancellation {unknown}
 B - a potion of resistance {unknown}
Books
 b - a book of Changes

   Spells                             Type                      Level
   a - Beastly Appendage              Transmutation                1
   b - Sticks to Snakes               Transmutation                2
   c - Spider Form                    Transmutation/Poison         3
   d - Ice Form                       Ice/Transmutation            4
   e - Blade Hands                    Transmutation                5
Comestibles
 c - 3 bread rations
 d - 3 meat rations
 A - a beef jerky


   Skills:
 - Level 1.0 Fighting
 + Level 4.2 Dodging
 + Level 4.8 Unarmed Combat
 + Level 4.1 Spellcasting
 * Level 5.5 Transmutations


You had 8 spell levels left.
You knew the following spells:

 Your Spells              Type           Power        Failure   Level  Hunger
a - Beastly Appendage     Trmt           ###...       1%          1    None
b - Sticks to Snakes      Trmt           ###.....     1%          2    ##.....
c - Spider Form           Trmt/Pois      ##........   17%         3    ###....


Dungeon Overview and Level Annotations

Branches:
Dungeon (5/15)             Temple (1/1) D:4

Altars:
Ashenzari
Cheibriados
Dithmenos
Elyvilon
Fedhas
Kikubaaqudgha
Pakellas
Ru
Xom
Zin
The Shining One


Innate Abilities, Weirdness & Mutations

You cannot wear most types of armour.
You are amphibious.
You can wear up to eight rings at the same time.
You can use your tentacles to constrict eight enemies at once.
Your skin changes colour to match your surroundings (Stealth).
Your rubbery body absorbs attacks (AC +1).


Message History

Cheibriados appreciates the change of pace.
A centaur comes into view.
Casting: Sticks to Snakes
Confirm with . or Enter, or press ? or * to list all spells.
You miscast Spider Form.
You are very lightly contaminated with residual magic.
Nothing appears to happen.
The centaur shouts!
The centaur wields a glowing shortbow.
The centaur shoots an arrow.
The arrow hits you!
The centaur shoots an arrow.
The arrow hits you!
The centaur shoots an arrow.
The arrow misses you.
You see here 2 arrows.
Casting: Spider Form
Confirm with . or Enter, or press ? or * to list all spells.
You create a snake!
You now have 69 arrows.
The centaur shoots an arrow.
The arrow hits you!
* * * LOW HITPOINT WARNING * * *
The centaur shoots an arrow.
The arrow hits you.
You die...

###### ##.....
##...... #.......
#....... #####.......
#######...........
#.S.....##........
#####@#########.......
#.(...# #.#.....
#######c##### #..####.
##.....#..<..##
##....#.
##.............##
####.#.
#...............# #.#.
#...............# #...
#..............># ###
#... #............c..#
#.######.##


You could see a centaur and a friendly adder.

Vanquished Creatures
  Menkaure (D:5)
  An ice beast (D:5)
  A centaur (D:5)
  The ghost of humperndinck the Ducker, an amateur SpAK of Lugonu (D:3)
  A hound (D:5)
  2 orc wizards (D:3)
  Jessica (D:3)
  An iguana (D:4)
  3 worker ants
  7 adders
  3 oozes
  2 worms (D:2)
  2 dart slugs
  6 giant geckos
  8 orcs
  2 giant cockroaches (D:1)
  8 goblins
  8 hobgoblins
  3 jackals (D:2)
  3 quokkas
  9 bats
  A giant gecko skeleton (D:5)
  5 giant newts
  8 kobolds
  5 rats
92 creatures vanquished.

Vanquished Creatures (collateral kills)
  An ogre (D:5)
1 creature vanquished.

Grand Total: 93 creatures vanquished

Notes
Turn   | Place    | Note
--------------------------------------------------------------
     0 | D:1      | Antonin the Octopode Transmuter began the quest for the Orb.
     0 | D:1      | Reached XP level 1. HP: 13/13 MP: 3/3
   124 | D:1      | Reached XP level 2. HP: 8/18 MP: 5/5
   896 | D:1      | Reached XP level 3. HP: 23/23 MP: 6/6
   900 | D:1      | Learned a level 2 spell: Sticks to Snakes
   904 | D:1      | Learned a level 3 spell: Spider Form
  1063 | D:2      | Found an oddly glowing altar of Pakellas.
  1689 | D:2      | Reached skill level 3 in Transmutations
  1725 | D:2      | Reached XP level 4. HP: 22/28 MP: 7/7
  2457 | D:3      | Noticed Jessica
  2524 | D:3      | Killed Jessica
  2525 | D:3      | Reached XP level 5. HP: 24/33 MP: 1/9
  2528 | D:3      | Identified Jessica's Handbook of Enhancements
  2748 | D:3      | Found a glowing silver altar of Zin.
  2902 | D:3      | Noticed humperndinck's ghost (amateur SpAK)
  2919 | D:3      | Killed humperndinck's ghost
  2919 | D:3      | Reached skill level 4 in Transmutations
  2919 | D:3      | Reached XP level 6. HP: 26/38 MP: 1/10
  3813 | D:4      | Found a shattered altar of Ashenzari.
  3896 | D:4      | Found an ancient bone altar of Kikubaaqudgha.
  3952 | D:4      | Found a shadowy altar of Dithmenos.
  4190 | D:4      | Found a blossoming altar of Fedhas.
  4233 | D:4      | Found a staircase to the Ecumenical Temple.
  4239 | Temple   | Entered the Ecumenical Temple
  4303 | Temple   | Became a worshipper of Cheibriados the Contemplative
  4366 | D:5      | Entered Level 5 of the Dungeon
  4490 | D:5      | Found a sacrificial altar of Ru.
  4497 | D:5      | Noticed Menkaure
  4555 | D:5      | Killed Menkaure
  4555 | D:5      | Reached XP level 7. HP: 43/43 MP: 9/12
  4682 | D:5      | Reached skill level 5 in Transmutations
  5300 | D:5      | Shot with an arrow by a centaur

Skill      XL: |  1  2  3  4  5  6  7 |
---------------+----------------------+-----
Transmutations | 3 4 5 |  5.5
Spellcasting   | 3 4 |  4.1
Dodging        | 3 4 |  4.2
Unarmed Combat | 4 |  4.8
Fighting       | |  1.0

Action                   |  1- 3 |  4- 6 |  7- 9 || total
-------------------------+-------+-------+-------++-------
Melee: Unarmed           |    87 |   136 |    33 ||   256
       Tentacles         |    19 |     9 |     4 ||    32
       Constrict         |    23 |    19 |     3 ||    45
       Kick              |     2 |     2 |       ||     4
       Punch             |     2 |     3 |       ||     5
 Cast: Beastly Appendage |     3 |     1 |       ||     4
       Sticks to Snakes  |       |     6 |     5 ||    11
       Spider Form       |       |    10 |     3 ||    13
  Use: Scroll            |       |     5 |       ||     5
 Stab: Sleeping          |     5 |     9 |     1 ||    15
  Eat: Chunk             |     3 |    15 |     6 ||    24
Armor: Skin              |    11 |     6 |     2 ||    19
Dodge: Dodged            |    47 |    95 |    30 ||   172
